 Dungeon Crawl Stone Soup version 0.21.1-1-g345015f (webtiles) character file.

258 Glalom the Basher (level 5, 0/45 HPs)
             Began as a Minotaur Berserker on July 6, 2018.
             Was a Priest of Trog.
             Slain by n0claF's ghost (12 damage)
             ... on level 4 of the Dungeon.
             The game lasted 00:05:04 (2371 turns).

Glalom the Basher (Minotaur Berserker)              Turns: 2371, Time: 00:05:04

Health: 0/45       AC:  9    Str: 21    XL:     5   Next: 94%
Magic:  4/4        EV:  8    Int:  8    God:    Trog [***...]
Gold:   203        SH:  0    Dex: 11    Spells: 4/4 levels left

rFire    . . .     SeeInvis .   a - +0 mace
rCold    . . .     Gourm    .   (no shield)
rNeg     . . .     Faith    .   q - +0 chain mail
rPois    .         Spirit   .   (helmet restricted)
rElec    .         Reflect  .   n - +0 cloak
rCorr    .         Harm     .   (no gloves)
MR       .....                  (no boots)
Stlth    ..........             (no amulet)
HPRegen  0.15/turn              k - +4 ring of intelligence
MPRegen  0.09/turn              (no ring)

@: no status effects
A: retaliatory headbutt, horns 2
a: Berserk, Trog's Hand, Burn Spellbooks, Renounce Religion


You were on level 4 of the Dungeon.
You worshipped Trog.
Trog was most pleased with you.
You were hungry.

You visited 1 branch of the dungeon, and saw 4 of its levels.

You collected 203 gold pieces.

Inventory:

Hand Weapons
 a - a +0 mace (weapon)
Armour
 n - a +0 cloak (worn)
 q - a +0 chain mail (worn)
Jewellery
 k - a +4 ring of intelligence (left hand)
 l - an uncursed ring of protection from cold {unknown}
Scrolls
 d - 3 scrolls of identify {unknown}
 e - 5 scrolls of teleportation {unknown}
 f - 4 scrolls of remove curse {unknown}
 j - a scroll of noise {unknown}
 o - a scroll of blinking {unknown}
 s - a scroll of magic mapping {unknown}
Potions
 b - a potion of heal wounds {unknown}
 g - 3 potions of brilliance {unknown}
 h - 2 potions of degeneration {unknown}
 i - a potion of ambrosia {unknown}
 m - a potion of invisibility {unknown}
 p - a potion of experience {unknown}
Comestibles
 c - 11 rations


   Skills:
 - Level 3.6 Fighting
 + Level 8.1 Maces & Flails
 - Level 2.4 Armour
 - Level 2.1 Dodging


You had 4 spell levels left.
You didn't know any spells.

Dungeon Overview and Level Annotations

Branches:
Dungeon (4/15)             Temple (0/1) D:4

Altars:
Ru
Wu Jian
Xom

Annotations:
D:4 n0claF's ghost, amateur DsGl


Innate Abilities, Weirdness & Mutations

You reflexively headbutt those who attack you in melee.
You have a pair of horns on your head.


Message History

You sock n0claF's ghost! You headbutt n0claF's ghost.
N0claF's ghost is moderately damaged.
N0claF's ghost hits you but does no damage.
Your chain mail prevents you from hitting n0claF's ghost.
N0claF's ghost is moderately damaged.
N0claF's ghost hits you.
You hit n0claF's ghost but do no damage.
Your headbutt misses n0claF's ghost.
N0claF's ghost is moderately damaged.
N0claF's ghost ripples.
N0claF's ghost barely misses you. You furiously retaliate!
You headbutt n0claF's ghost, but do no damage.
You sock n0claF's ghost!
You headbutt n0claF's ghost, but do no damage.
N0claF's ghost is heavily damaged.
N0claF's ghost hits you!
* * * LOW HITPOINT WARNING * * *
There is a staircase to the Ecumenical Temple here.
N0claF's ghost hits you!
You die...

..........#.....[..##
<.###.....##.......###.#
..# #.....###....>.....#
#.###...(..............
#.....##..##..........
########..##........#
#.......##..8.8.8[#
#.#####.###).⌠.⌠..# #.#
#.###÷8W@.8.# #.#
#......⌠.⌠..# #.#
####..8.8.8.# #.#
##.......# #.# ###..####
###.# #.## ....# #.#
....###########.#
##..............#


You could see n0claF's ghost.

Vanquished Creatures
  2 hounds (D:4)
  2 orc priests (D:4)
  A worker ant (D:3)
  4 adders
  An ooze (D:1)
  3 worms
  2 dart slugs (D:2)
  4 orcs
  2 giant cockroaches
  10 goblins
  5 hobgoblins
  3 jackals (D:2)
  12 kobolds
  5 bats
  8 frilled lizards
  6 rats
70 creatures vanquished.

Notes
Turn   | Place    | Note
-------+----------+-------------------------------------------
     0 | D:1      | Glalom the Minotaur Berserker began the quest for the Orb.
     0 | D:1      | Reached XP level 1. HP: 19/19 MP: 0/0
   140 | D:1      | Reached skill level 4 in Maces & Flails
   140 | D:1      | Reached XP level 2. HP: 18/26 MP: 1/1
   493 | D:1      | Reached skill level 5 in Maces & Flails
   875 | D:2      | Reached ** piety under Trog
   875 | D:2      | Reached XP level 3. HP: 31/31 MP: 2/2
  1112 | D:2      | Reached XP level 4. HP: 39/39 MP: 3/3
  1114 | D:2      | Reached skill level 6 in Maces & Flails
  2013 | D:4      | Found a staircase to the Ecumenical Temple.
  2026 | D:4      | Reached skill level 7 in Maces & Flails
  2026 | D:4      | Reached XP level 5. HP: 37/45 MP: 4/4
  2047 | D:4      | Found a sacrificial altar of Ru.
  2093 | D:4      | Reached *** piety under Trog
  2295 | D:4      | Found an ornate altar of the Wu Jian Council.
  2295 | D:4      | Found a shimmering altar of Xom.
  2332 | D:4      | Reached skill level 8 in Maces & Flails
  2359 | D:4      | Noticed n0claF's ghost (amateur DsGl)
  2371 | D:4      | Slain by n0claF's ghost

Skill      XL: |  1  2  3  4  5 |
---------------+----------------+-----
Maces & Flails | 4 5 7 8 |  8.1
Fighting       | |  3.6
Armour         | |  2.4
Dodging        | |  2.1

Action                   |  1- 3 |  4- 6 || total
-------------------------+-------+-------++-------
Melee: Mace              |    71 |    93 ||   164
       Headbutt          |     8 |    19 ||    27
Invok: Berserk           |       |     1 ||     1
  Eat: Chunk             |       |     5 ||     5
Armor: Animal skin       |     9 |       ||     9
       Ring mail         |    15 |     5 ||    20
       Chain mail        |       |    41 ||    41
Dodge: Dodged            |    57 |    41 ||    98
